 Dungeon Crawl Stone Soup version 0.28.0-53-g5a82cb258f (webtiles) character file.

Game seed: 4731479686719812855

4713 cbfl8 the Cleaver (level 10, -3/76 HPs)
             Began as a Demonspawn Berserker on Sept 8, 2022.
             Was an Elder of Trog.
             Killed from afar by a steam dragon (13 damage)
             ... with a ball of steam
             ... on level 8 of the Dungeon.
             The game lasted 00:13:29 (10364 turns).

cbfl8 the Cleaver (Demonspawn Berserker)           Turns: 10364, Time: 00:13:30

Health: -3/76      AC: 19    Str: 18    XL:     10   Next: 22%
Magic:  10/10      EV:  6    Int:  9    God:    Trog [****..]
Gold:   347        SH: 14    Dex: 16    Spells: 9/9 levels left

rFire   . . .      SeeInvis +   y - +0 war axe
rCold   + . .      Faith    .   g - +0 tower shield
rNeg    . . .      Spirit   .   t - +2 chain mail {rC+}
rPois   .          Reflect  .   v - +1 helmet
rElec   .          Harm     .   n - +0 cloak
rCorr   .          Rampage  .   A - +0 pair of gloves
Will    .....                   i - +0 pair of boots
Stlth   ..........              G - amulet of the acrobat
HPRegen 0.22/turn               B - ring of flight
MPRegen 0.12/turn               l - ring of see invisible

@: flying
A: icy blue scales 1, demonic guardian 1, spiny 1, demonic touch 2
a: Renounce Religion, Berserk, Trog's Hand, Brothers in Arms


You were on level 8 of the Dungeon.
You worshipped Trog.
Trog was greatly pleased with you.
You visited 1 branch of the dungeon, and saw 8 of its levels.

You collected 386 gold pieces.
You spent 39 gold pieces at shops.

Inventory:

Hand Weapons
 y - a +0 war axe (weapon)
Armour
 g - a +0 tower shield (worn)
 i - a +0 pair of boots (worn)
 n - a +0 cloak (worn)
 t - a +2 chain mail of cold resistance (worn)
 v - a +1 helmet (worn)
 A - a +0 pair of gloves (worn)
Jewellery
 h - a ring of resist corrosion
 l - a ring of see invisible (right hand)
 z - a ring of protection from cold
 B - a ring of flight (left hand)
 G - an amulet of the acrobat (around neck)
Wands
 j - a wand of polymorph (11) (quivered)
 E - a wand of paralysis (5)
 F - a wand of flame (17)
Scrolls
 a - 2 scrolls of vulnerability {unknown}
 b - 5 scrolls of teleportation
 c - a scroll of fog
 o - 2 scrolls of magic mapping
 s - a scroll of summoning
 C - 2 scrolls of blinking {unknown}
 D - a scroll of fear
Potions
 d - a potion of might {unknown}
 f - a potion of haste {unknown}
 k - 3 potions of cancellation {unknown}
 m - a potion of mutation {unknown}
 p - 2 potions of resistance {unknown}
 q - a potion of brilliance {unknown}
 r - 3 potions of curing
 u - 3 potions of attraction {unknown}
 w - a potion of invisibility {unknown}
 x - a potion of berserk rage {unknown}


   Skills:
 * Level 6.3 Fighting
 * Level 9.0 Axes
 + Level 4.0 Armour
 * Level 5.5 Dodging
 + Level 1.9 Stealth
 + Level 4.9 Shields
 * Level 4.5 Evocations


You had 9 spell levels left.
You didn't know any spells.
Your spell library was empty.

Dungeon Overview and Level Annotations

Branches:
Dungeon (8/15)             Temple (0/1) D:5
   Lair: D:8-11

Altars:
Ashenzari
Gozag
Hepliaklqana
Kikubaaqudgha
Qazlal
Trog
Uskayaw
Xom

Shops:
D:4 (*[


Innate Abilities, Weirdness & Mutations

You are partially covered in icy blue scales. (AC +2)
A weak demonic guardian rushes to your aid.
You are partially covered in sharp spines.
Your touch may inflict irresistible damage on your foes.


Message History

The steam dragon is struck by your spines.
The steam dragon bites you but does no damage.
You block the steam dragon's attack.
Your iron imp hits the steam dragon.
The steam dragon is struck by your spines.
The steam dragon bites you.
The steam dragon claws you but does no damage.
You hit the steam dragon.
The steam dragon is moderately wounded.
The steam dragon breathes steam at you. The ball of steam hits you!
A demonic guardian appears!
Unknown command.
You slash the steam dragon!
The steam dragon is severely wounded.
You are engulfed in a cloud of scalding steam.
Your iron imp disappears in a puff of smoke!
The steam dragon breathes steam at you.
The ball of steam hits you but does no damage.
The steam dragon bites you but does no damage.
The steam dragon claws you but does no damage.
You barely miss the steam dragon.
The steam dragon is severely wounded.
You are engulfed in a cloud of scalding steam.
The steam dragon breathes steam at you. The ball of steam hits you!
* * * LOW HITPOINT WARNING * * *
Your iron imp barely misses the steam dragon.
The steam dragon misses you. You block the steam dragon's attack.
Your iron imp hits the steam dragon!
You barely miss the steam dragon.
The steam dragon is almost dead.
You block the steam dragon's attack. The steam dragon closely misses you.
Your iron imp barely misses the steam dragon.
The steam dragon bites you!
* * * LOW HITPOINT WARNING * * *
The steam dragon claws you but does no damage.
You hit the steam dragon but do no damage.
The steam dragon is almost dead.
The steam dragon breathes steam at you. The ball of steam hits you!
You die...

..........#.# ...##
####..+####.##....#
###. #......####
###.##+#....#...
..^...(ยง))..'._.
.......)....#
...#....))..####
#....)......#
#...@.5....##
#....D...###.
#......###...
#..........##
#..........#
#........[.#
###.#.###### #.#.#


You could see a steam dragon (catching breath, ally target) and a friendly iron
imp (summoned).

Vanquished Creatures
  Pikel (D:7)
  Maggie (D:6)
  3 yaks (D:8)
  Eustachio (D:5)
  The ghost of LustLizard the Vexing, an amateur GnAM of Qazlal (D:3)
  Edmund (D:4)
  Duvessa (D:6)
  3 black bears
  2 ice beasts
  2 sky beasts
  2 ogres (D:6)
  2 necrophages
  3 centaurs (D:7)
  4 lemures (D:7)
  6 scorpions
  A wyvern skeleton (D:7)
  Dowan (D:6)
  5 wights (D:8)
  2 howler monkeys
  A jelly (D:8)
  A centaur zombie (D:7)
  3 hounds
  A gnoll shaman (D:7)
  An orc priest (D:8)
  Crazy Yiuf (D:6)
  2 bullfrog skeletons
  3 centaur skeletons
  2 iguanas (D:4)
  2 orc wizards (D:8)
  A killer bee zombie (D:6)
  A hound skeleton (D:4)
  A howler monkey zombie (D:8)
  2 howler monkey skeletons (D:7)
  10 gnolls
  7 adders
  A shadow imp (D:3)
  A white imp (D:6)
  An adder skeleton (D:4)
  2 dart slugs
  11 orcs
  3 endoplasms
  2 giant cockroaches
  10 goblins
  7 hobgoblins
  3 quokkas
  6 ball pythons
  9 bats
  2 frilled lizards
  3 kobolds
  8 rats
  A spectral orc (D:3)
151 creatures vanquished.

Vanquished Creatures (collateral kills)
  A yak (D:8)
  An orc warrior (D:8)
  A howler monkey (D:8)
  An orc wizard (D:8)
4 creatures vanquished.

Vanquished Creatures (others)
  A hound (D:3)
  An endoplasm (D:3)
  A rat (D:3)
  17 fungi (D:8)
  4 plants (D:8)
24 creatures vanquished.

Grand Total: 179 creatures vanquished

Notes
Turn   | Place    | Note
-------+----------+-------------------------------------------
     0 | D:1      | cbfl8 the Demonspawn Berserker began the quest for the Orb.
     0 | D:1      | Reached XP level 1. HP: 18/18 MP: 1/1
    46 | D:1      | Found a faded altar of an unknown god.
   261 | D:1      | Gained mutation: You are partially covered in icy blue
                  | scales. (AC +2) [demonic ancestry]
   261 | D:1      | Reached XP level 2. HP: 15/24 MP: 2/2
   486 | D:1      | Reached skill level 3 in Axes
   889 | D:1      | Reached XP level 3. HP: 29/29 MP: 3/3
  1825 | D:2      | Reached ** piety under Trog
  2336 | D:3      | Found a hazy altar of Hepliaklqana.
  2681 | D:3      | Gained mutation: You are partially covered in sharp spines.
                  | [demonic ancestry]
  2681 | D:3      | Reached XP level 4. HP: 22/35 MP: 4/4
  3055 | D:3      | Noticed LustLizard's ghost (amateur GnAM)
  3059 | D:3      | Found a runed translucent door.
  3141 | D:3      | Found a shimmering altar of Xom.
  3141 | D:3      | Noticed an ice beast
  3156 | D:3      | Killed an ice beast
  3157 | D:3      | Reached skill level 1 in Shields
  3157 | D:3      | Reached skill level 1 in Evocations
  3157 | D:3      | Reached XP level 5. HP: 42/42 MP: 5/5
  3169 | D:3      | Reached skill level 4 in Axes
  3789 | D:3      | Killed LustLizard's ghost
  3790 | D:3      | Reached XP level 6. HP: 31/48 MP: 6/6
  4022 | D:4      | Found Sehuojig's General Store.
  4291 | D:4      | Bought a potion of curing for 39 gold pieces
  4331 | D:4      | Gained mutation: Your touch may inflict minor irresistible
                  | damage on your foes. [demonic ancestry]
  4331 | D:4      | Reached XP level 7. HP: 54/54 MP: 7/7
  4635 | D:4      | Found Coaph's Armour Shoppe.
  4655 | D:4      | Found Coish's Weapon Shop.
  4882 | D:4      | Reached skill level 5 in Axes
  4922 | D:4      | Noticed Edmund
  4952 | D:4      | Killed Edmund
  5243 | D:4      | Found an ancient bone altar of Kikubaaqudgha.
  5277 | D:4      | Found an opulent altar of Gozag.
  5474 | D:5      | Entered Level 5 of the Dungeon
  5684 | D:5      | Reached XP level 8. HP: 57/57 MP: 8/8
  5728 | D:5      | Found a staircase to the Ecumenical Temple.
  5902 | D:5      | Found a stormy altar of Qazlal.
  5938 | D:5      | Noticed Eustachio
  5970 | D:5      | Killed Eustachio
  5971 | D:5      | Reached skill level 6 in Axes
  6272 | D:5      | Reached *** piety under Trog
  6583 | D:6      | Found a bloodstained altar of Trog.
  6604 | D:6      | Noticed Maggie
  6630 | D:6      | Killed Maggie
  6631 | D:6      | Noticed Duvessa
  6652 | D:6      | Killed Duvessa
  6653 | D:6      | Reached skill level 5 in Fighting
  6674 | D:6      | Noticed Dowan
  6679 | D:6      | Killed Dowan
  7024 | D:6      | Reached skill level 1 in Stealth
  7067 | D:6      | Reached skill level 7 in Axes
  7067 | D:6      | Gained mutation: Your touch may inflict irresistible damage
                  | on your foes. [demonic ancestry]
  7067 | D:6      | Reached XP level 9. HP: 48/68 MP: 9/9
  7456 | D:6      | Found a runed translucent door.
  7457 | D:6      | Noticed Crazy Yiuf
  7821 | D:6      | Killed Crazy Yiuf
  8083 | D:6      | Identified the +6 mace of Fatigue {spect, rCorr Str+2}
  8432 | D:7      | Identified the +1 hand axe of Circularity {venom, Int+2}
  8559 | D:7      | Reached skill level 5 in Dodging
  8969 | D:7      | Noticed Pikel
  8986 | D:7      | Killed Pikel
  9390 | D:8      | Found a hide-covered altar of Uskayaw.
  9492 | D:8      | Reached skill level 8 in Axes
  9760 | D:8      | Gained mutation: A weak demonic guardian rushes to your
                  | aid. [demonic ancestry]
  9760 | D:8      | Reached XP level 10. HP: 70/76 MP: 10/10
 10337 | D:8      | Found a broken altar of Ashenzari.
 10343 | D:8      | Reached **** piety under Trog
 10351 | D:8      | Reached skill level 9 in Axes
 10364 | D:8      | Killed from afar by a steam dragon

Illustrated notes

Levels and vault maps discovered:
D:1:      minmay_arrival_stair_chambers, layout_basic,
          ebering_ecumenical_altar_petrified, ebering_dispersal_statue_hall
D:2:      layout_basic, serial_bayou_crossing
D:3:      layout_loops_ring, xom_confusion_cloud,
          nicolae_hepliaklqana_monster_ancestors,
          hellmonk_ghost_happy_afterlife, nrook_loot_triangle
D:4:      layout_gridville, mainiacjoe_overflow_catch_the_wave, serial_shops,
          nicolae_square_shop, shop, nicolae_shop_bloodbath_and_beyond,
          item_on_display_a, uniq_edmund
D:5:      layout_loops_cross, mainiacjoe_overflow_boulevard,
          minmay_temple_entry_slanted, feat_on_display, uniq_eustachio
D:6:      layout_cave_pools, nicolae_overflow_hidden_temple, uniq_maggie,
          uniq_crazy_yiuf_cottage, uniq_duvessa
D:7:      layout_basic, uniq_pikel
D:8:      layout_basic, nicolae_dithmenos_the_darkroom,
          mainiacjoe_overflow_alcove_2, lemuel_doored_altar,
          nicolae_ashenzari_skybound, grunt_lair_entry_orc_guard_hut, uniq_erica

Skill      XL: |  1  2  3  4  5  6  7  8  9 10 |
---------------+-------------------------------+-----
Dodging        | 2 3 4 5 |  5.5
Axes           | 3 4 5 7 8 9 |  9.0
Shields        | 1 2 3 4 |  4.9
Evocations     | 1 2 3 4 |  4.5
Armour         | 2 3 4 |  4.0
Fighting       | 4 5 6 |  6.3
Stealth        | 1 |  1.9

Action                   |  1- 3 |  4- 6 |  7- 9 | 10-12 || total
-------------------------+-------+-------+-------+-------++-------
Melee: Hand axe          |   127 |    72 |   154 |       ||   353
       Punch             |     1 |       |       |       ||     1
       War axe           |       |       |   138 |    59 ||   197
Invok: Berserk           |     1 |     2 |     3 |       ||     6
       Trog's Hand       |       |     1 |       |       ||     1
Evoke: Wand              |       |       |    13 |       ||    13
  Use: Scroll            |       |     4 |     2 |       ||     6
 Stab: Distracted        |     1 |       |       |       ||     1
Armor: Animal skin       |    45 |       |       |       ||    45
       Ring mail         |       |    22 |    22 |       ||    44
       Chain mail        |       |       |   174 |    64 ||   238
Dodge: Dodged            |    75 |    15 |    86 |    19 ||   195
Block: Tower shield      |    54 |    57 |   289 |    64 ||   464
